 Dungeon Crawl Stone Soup version 0.17-a0-1572-g7a1422d (webtiles) character file.

184 karlkraus the Covered (level 5, -3/47 HPs)
             Began as a Minotaur Fighter on July 25, 2015.
             Slain by Menkaure (8 damage)
             ... on level 5 of the Dungeon.
             The game lasted 00:08:12 (2809 turns).

karlkraus the Covered (Minotaur Fighter)            Turns: 2809, Time: 00:08:12

Health: -3/47      AC: 11    Str: 21      XL:     5   Next: 36%
Magic:  4/4        EV:  6    Int:  5      God:
Gold:   282        SH:  9    Dex:  9 (10) Spells: 0 memorised, 4 levels left

rFire  x . .     SeeInvis .     a - +0 flail
rCold  + . .     Clarity  .     w - +0 chain mail
rNeg   . . .     SustAt   .     c - +0 shield
rPois  +         Gourm    .     (helmet restricted)
rElec  .         Spirit   .     (no cloak)
rCorr  .         Warding  .     o - +0 pair of gloves
rMut   .         Stasis   .     (no boots)
MR     .....                    (no amulet)
Stlth  ..........               t - ring of poison resistance
                                n - ring of ice

@: not resistant to hostile enchantments, extremely unstealthy
A: retaliatory headbutt, horns 2
a: no special abilities


You were on level 5 of the Dungeon.
You were not hungry.

You visited 1 branch of the dungeon, and saw 5 of its levels.

You collected 282 gold pieces.

Inventory:

Hand weapons
 a - a +0 flail (weapon)
Armour
 c - a +0 shield (worn)
 o - a +0 pair of gloves (worn)
 w - a +0 chain mail (worn)
Jewellery
 n - a ring of ice (left hand)
 t - a ring of poison resistance (right hand)
 E - a cursed amulet of rage {unknown}
Magical devices
 A - a wand of enslavement (13)
Scrolls
 f - a scroll of random uselessness {unknown}
 h - a scroll of teleportation {unknown}
 j - a scroll of fear {unknown}
 v - 2 scrolls of immolation {unknown}
 y - 2 scrolls of amnesia {unknown}
 C - a scroll of remove curse {unknown}
 D - 3 scrolls of identify
Potions
 d - a potion of might
 g - 2 potions of lignification
 i - a potion of agility
 k - a potion of brilliance
 l - a potion of curing
 m - 2 potions of heal wounds
 p - a potion of haste
 s - a potion of flight
 u - a potion of resistance
 z - a potion of cancellation
Books
 r - a book of Envenomations

   Spells                             Type                      Level
   a - Spider Form                    Transmutation/Poison         3
   b - Alistair's Intoxication        Transmutation/Poison         4
   c - Olgreb's Toxic Radiance        Poison                       4
   d - Poisonous Cloud                Conjuration/Poison/Air       6
Comestibles
 b - 5 fruits
 e - 8 bread rations
 q - a royal jelly
 x - 3 meat rations
 B - a chunk of flesh


   Skills:
 + Level 4.7 Fighting
 + Level 2.9 Maces & Flails
 + Level 5.0 Armour
 + Level 1.9 Dodging
 + Level 4.8 Shields


You had 4 spell levels left.
You didn't know any spells.

Dungeon Overview and Level Annotations

Branches:
Dungeon (5/15)
 Temple: D:4-7

Altars:
Elyvilon
Sif Muna

Annotations:
D:5 Menkaure


Innate Abilities, Weirdness & Mutations

You reflexively headbutt those who attack you in melee.
You have a pair of horns on your head.


Message History

You now have 282 gold pieces (gained 9).
E - a runed malachite amulet No target in view!
HP restored.
Found a stone staircase leading down.
Menkaure, Prince of Dust comes into view.
You hit Menkaure.
Menkaure is lightly damaged.
Menkaure hits you!
You sock Menkaure! Your headbutt misses Menkaure.
Menkaure is heavily damaged.
Menkaure hits you!
You sock Menkaure!
Menkaure is almost destroyed.
Menkaure hits you!!
* * * LOW HITPOINT WARNING * * *
You barely miss Menkaure.
Menkaure is almost destroyed.
Menkaure hits you!
You die...

#.#..#.# ####.#..#.#
#.......#.# #.##.#.##.# #
...#....##### .
#########..... ..
.......'..... ...
###############.(... .M..
#.M@......# #.......
..... #.#######.#
#...#'##
......##.#######.#
#...#.#
#.>............###...#.#
#.####.#######..##...#.##
..# #..##...#... ####
#...+...+... ###.#...#..)
#.....#...


You could see Menkaure.

Vanquished Creatures
  A worker ant (D:4)
  Robin (D:4)
  7 adders
  3 worms
  5 giant geckos
  3 orcs
  4 bats
  4 giant cockroaches
  12 goblins
  6 hobgoblins
  2 jackals (D:2)
  7 kobolds
  A quokka (D:4)
  2 ball pythons (D:2)
  6 giant newts
  A quokka skeleton (D:4)
  6 rats
71 creatures vanquished.

Vanquished Creatures (others)
  Jessica (D:2)
  A quokka (D:2)
2 creatures vanquished.

Grand Total: 73 creatures vanquished

Notes
Turn   | Place    | Note
--------------------------------------------------------------
     0 | D:1      | karlkraus the Minotaur Fighter began the quest for the Orb.
     0 | D:1      | Reached XP level 1. HP: 19/19 MP: 0/0
   175 | D:1      | Reached skill level 4 in Fighting
   206 | D:1      | Reached XP level 2. HP: 27/27 MP: 1/1
   498 | D:2      | Killed Jessica
   623 | D:2      | Reached XP level 3. HP: 30/33 MP: 2/2
   643 | D:2      | Found a deep blue altar of Sif Muna.
   849 | D:2      | Reached skill level 1 in Dodging
   953 | D:2      | Found a white marble altar of Elyvilon.
  1205 | D:3      | Reached XP level 4. HP: 34/41 MP: 3/3
  1343 | D:3      | Found a faded altar to an unknown god.
  2121 | D:4      | Noticed Robin
  2144 | D:4      | Killed Robin
  2185 | D:4      | Reached XP level 5. HP: 38/47 MP: 4/4
  2655 | D:5      | Entered Level 5 of the Dungeon
  2667 | D:5      | Reached skill level 5 in Armour
  2793 | D:5      | Noticed Menkaure
  2809 | D:5      | Slain by Menkaure

Vault maps used:
D:1:      saegor_arrival_simple_e, minivault_26
D:2:      elyvilon_altar_4, lemuel_round_altar, first_bread, uniq_jessica
D:3:      kennysheep_big_flooded_room, ecumenical_altar_1, glass_columns_a,
          item_on_display_a
D:4:      minmay_door_path, uniq_robin
D:5:      nemelex_xobeh_ov_fountains_minmay, uniq_menkaure

Action                   |  1- 3 |  4- 6 || total
-------------------------+-------+-------++-------
Melee: Flail             |    81 |   112 ||   193
  Use: Scroll            |     4 |     6 ||    10
       Potion            |     1 |       ||     1
  Eat: Chunk             |       |     6 ||     6
